 Dungeon Crawl Stone Soup version 0.25.1-1-g288607f5aa (webtiles) character file.

Game seed: 16151886542659729389

133 Descartes the Magician (level 4, -3/24 HPs)
             Began as a Deep Elf Wizard on July 23, 2020.
             Killed by nerve-wracking pain
             ... invoked by Menkaure
              (6 damage)
             ... on level 4 of the Dungeon.
             The game lasted 00:07:11 (3158 turns).

Descartes the Magician (Deep Elf Wizard)            Turns: 3158, Time: 00:07:12

Health: -3/24      AC:  7    Str:  4    XL:     4   Next: 93%
Magic:  6/14       EV: 12    Int: 24    God:
Gold:   107        SH:  0    Dex: 19    Spells: 6/15 levels left

rFire    . . .     SeeInvis .   c - +1 dagger (speed)
rCold    . . .     Gourm    .   (no shield)
rNeg     . . .     Faith    .   o - +0 leather armour
rPois    .         Spirit   .   b - +0 hat
rElec    .         Reflect  .   (no cloak)
rCorr    .         Harm     .   (no gloves)
MR       .....                  (no boots)
Stlth    ++........             (no amulet)
HPRegen  0.08/turn              B - +4 ring of protection
MPRegen  0.14/turn              C - +6 ring of dexterity

@: no status effects
A: no striking features
a: no special abilities


You were on level 4 of the Dungeon.
You were near starving.

You visited 1 branch of the dungeon, and saw 4 of its levels.

You collected 107 gold pieces.

Inventory:

Hand Weapons
 c - a +1 dagger of speed (weapon)
 y - a +0 rapier
Missiles
 h - a throwing net
 m - 111 stones (quivered)
 n - 15 poisoned darts
 x - 21 sling bullets
Armour
 a - a +0 robe
 b - a +0 hat (worn)
 o - a +0 leather armour (worn)
Jewellery
 B - a +4 ring of protection (left hand)
 C - a +6 ring of dexterity (right hand)
Scrolls
 e - 2 scrolls of amnesia
 i - a scroll of teleportation {unknown}
 k - a scroll of immolation {unknown}
 q - 4 scrolls of remove curse
 s - a scroll of fog {unknown}
 v - a scroll of enchant weapon {unknown}
 A - a scroll of blinking {unknown}
Potions
 f - a potion of heal wounds
 g - a potion of ambrosia
 j - a potion of berserk rage
 l - 3 potions of curing
 p - a potion of brilliance {unknown}
 r - a potion of mutation {unknown}
 t - a potion of flight {unknown}
 u - a potion of might {unknown}
 w - a potion of magic {unknown}
Comestibles
 d - 5 rations


   Skills:
 - Level 2.4 Dodging
 - Level 2.4 Stealth
 + Level 6.0 Spellcasting
 + Level 3.9 Conjurations
   Level 1.1 Summonings
 + Level 1.3 Translocations


You had 6 spell levels left.
You knew the following spells:

 Your Spells              Type           Power        Failure   Level  Hunger
a - Magic Dart            Conj           ####         2%          1    None
b - Blink                 Tloc           N/A          12%         2    None
c - Conjure Flame         Conj/Fire      ###.....     19%         3    #......
d - Mephitic Cloud        Conj/Pois/Air  ##......     24%         3    #......

Your spell library contained the following spells:

 Spells                   Type           Power        Failure   Level  Hunger
 Call Imp                 Summ           ##......     14%         2    None
 Slow                     Hex            #.......     22%         2    None


Dungeon Overview and Level Annotations

Branches:
Dungeon (4/15)
 Temple: D:4-7

Altars:
Kikubaaqudgha
Ru

Annotations:
D:4 Edmund, Menkaure


Message History

Your body is wracked with pain!
Edmund convulses!
Menkaure barely misses you.
There is a stone staircase leading down here.
Menkaure casts a spell at you. Pain shoots through your body!
* * * LOW HITPOINT WARNING * * *
Menkaure calls on the powers of darkness!
Your body is wracked with pain!
* * * LOW HITPOINT WARNING * * *
You see here 18 arrows.
Menkaure whispers drily.
You see here a ring mail.
You are near starving!
Menkaure calls on the powers of darkness!
Your body is wracked with pain!
* * * LOW HITPOINT WARNING * * *
There is a stone staircase leading up here.
Menkaure casts a spell at you. Pain shoots through your body!
You die...

####....M...# #@#
########.# #.#
#.......# #.#
##.#####.# #.#
#####...####(# #.#
#...........#.# #.#
#.####...##.#.####.###
##.###.#.##.....# #.#
#@#[##M###.# #.#
#.#....# #@#
#.###M####.###.#
#.......M......#
###.###.######.###
........# #.#
#######.# #.# #....#
#.# #.#### #.#


You could see Menkaure (fast).

Vanquished Creatures
  2 vampire bats (D:2)
  An adder (D:3)
  2 worms
  An orc (D:3)
  3 bat skeletons (D:2)
  2 bat zombies (D:2)
  A giant cockroach (D:2)
  5 goblins
  4 hobgoblins
  6 kobolds
  6 bats
  2 frilled lizards
  3 rats
38 creatures vanquished.

Notes
Turn   | Place    | Note
-------+----------+-------------------------------------------
     0 | D:1      | Descartes the Deep Elf Wizard began the quest for the Orb.
     0 | D:1      | Reached XP level 1. HP: 10/10 MP: 7/7
   234 | D:1      | Reached XP level 2. HP: 13/15 MP: 3/9
   296 | D:1      | Learned a level 2 spell: Blink
  1015 | D:2      | Reached skill level 5 in Spellcasting
  1286 | D:2      | Found an ancient bone altar of Kikubaaqudgha.
  1286 | D:2      | Noticed a vampire bat
  1287 | D:2      | Noticed a vampire bat
  1291 | D:2      | Killed a vampire bat
  1291 | D:2      | Reached XP level 3. HP: 13/19 MP: 7/12
  1300 | D:2      | Reached skill level 6 in Spellcasting
  1300 | D:2      | Reached XP level 4. HP: 7/24 MP: 5/14
  2121 | D:2      | Found a sacrificial altar of Ru.
  2388 | D:3      | You fall into a shaft and drop 1 floor!
  2457 | D:3      | Learned a level 3 spell: Conjure Flame
  2461 | D:3      | Learned a level 3 spell: Mephitic Cloud
  3025 | D:4      | Noticed Edmund
  3102 | D:4      | HP: 1/24 [Edmund/+1 flail of holy wrath (10)]
  3123 | D:4      | Noticed Menkaure
  3158 | D:4      | Killed from afar by Menkaure

Illustrated notes

Levels and vault maps discovered:
D:1:      lightli_arrival_statuegarden, layout_loops_ring
D:2:      layout_loops_corners, kennysheep_vampire_church,
          nicolae_ru_path_of_blood
D:3:      layout_basic
D:4:      layout_loops_ring, grunt_dithmenos_smoke, ebering_ghost_rock_garden,
          first_ration, uniq_menkaure, uniq_ijyb, uniq_edmund

Skill      XL: |  1  2  3 |
---------------+----------+-----
Conjurations   | 3 |  3.9
Spellcasting   | 5 6 |  6.0
Dodging        | |  2.4
Stealth        | |  2.4
Summonings     | |  1.1
Translocations | |  1.3

Action                   |  1- 3 |  4- 6 || total
-------------------------+-------+-------++-------
Melee: Dagger            |       |     6 ||     6
 Cast: Magic Dart        |    50 |    49 ||    99
       Blink             |       |     4 ||     4
       Conjure Flame     |       |     1 ||     1
  Use: Scroll            |       |     6 ||     6
       Potion            |       |     1 ||     1
  Eat: Chunk             |     1 |     4 ||     5
Armor: Leather armour    |     6 |     1 ||     7
Dodge: Dodged            |    12 |    11 ||    23
